 Dungeon Crawl Stone Soup version 0.27.0-1-g7a089689b8 (webtiles) character file.

Game seed: 4487207298631234052

3634 bnorton916 the Thaumaturge (level 9, -1/48 HPs)
             Began as a Deep Elf Conjurer on Aug 18, 2021.
             Was a Follower of Ashenzari.
             Slain by Harold (5 damage)
             ... on level 7 of the Dungeon.
             The game lasted 00:20:53 (9473 turns).

bnorton916 the Thaumaturge (Deep Elf Conjurer)      Turns: 9473, Time: 00:20:53

Health: -1/48      AC:  6    Str:  4    XL:     9   Next: 87%
Magic:  3/23       EV: 12    Int: 27    God:    Ashenzari [*.....]
Gold:   84         SH:  0    Dex: 13    Spells: 8/25 levels left

rFire    . . .     SeeInvis .   x - +3 short sword (freeze)
rCold    . . .     Faith    .   (no shield)
rNeg     . . .     Spirit   .   p - +2 robe "Chagrin of Ashenzari" {Will+, Elem, Melee} (curse)
rPois    .         Reflect  .   (no helmet)
rElec    .         Harm     .   w - +0 cloak of Ashenzari's Pleiades {Bglg, Fort} (curse)
rCorr    .         Rampage  .   (no gloves)
Will     ++...                  k - +0 pair of boots
Stlth    ++........             (no amulet)
HPRegen  0.16/turn              c - ring of willpower
MPRegen  0.18/turn              (no ring)

@: very slightly contaminated, hasted, very quick
A: no striking features
a: Renounce Religion, Curse Item, Shatter the Chains


You were on level 7 of the Dungeon.
You worshipped Ashenzari.
Ashenzari was aware of your devotion.
You visited 2 branches of the dungeon, and saw 8 of its levels.

You collected 322 gold pieces.
You spent 238 gold pieces at shops.

Inventory:

Hand Weapons
 m - a +0 vampiric dagger
 x - a +3 short sword of freezing (weapon)
 y - a +2 dagger
Missiles
 f - 154 stones
Armour
 a - a +0 robe
 k - a +0 pair of boots (worn)
 p - the cursed +2 robe "Chagrin of Ashenzari" (worn) {Will+, Elem, Melee}
   (You took it off Pikel on level 4 of the Dungeon)

   It has a curse which improves the following skills: Elements: Fire Magic, Ice
   Magic, Air Magic and Earth Magic.
   Melee Combat: Short Blades, Long Blades, Axes, Maces & Flails, Polearms,
   Staves and Unarmed Combat.
 w - the cursed +0 cloak of Ashenzari's Pleiades (worn) {Bglg, Fort}
   (You took it off Crazy Yiuf on level 5 of the Dungeon)

   It has a curse which improves the following skills: Beguiling: Conjurations,
   Hexes and Translocations.
   Fortitude: Armour and Shields.
 z - a +2 robe of willpower
 D - a +1 buckler of poison resistance
 H - a +1 cloak
Magical Staves
 j - a staff of death
 q - a staff of poison
Jewellery
 c - a ring of willpower (left hand)
 u - an amulet of reflection
 F - a ring of flight
Wands
 s - a wand of flame (18)
 v - a wand of digging (4)
 B - a wand of charming (8)
Scrolls
 e - 7 scrolls of identify
 g - a scroll of enchant weapon
 h - a scroll of amnesia
 i - 2 scrolls of fog
 l - 3 scrolls of magic mapping
 n - 3 scrolls of immolation
 C - a scroll of blinking
 G - a scroll of teleportation
Potions
 b - 2 potions of curing
 d - 2 potions of haste
 o - 2 potions of cancellation
 r - 2 potions of brilliance
 t - a potion of attraction
 A - a potion of ambrosia
 E - a potion of invisibility


   Skills:
 + Level 1.9 Fighting
 - Level 3.4(4.3) Armour
 - Level 2.4 Dodging
 - Level 2.4 Stealth
 + Level 1.7(2.5) Shields
 - Level 8.8 Spellcasting
 - Level 8.3(9.3) Conjurations
 - Level 6.2(7.3) Hexes
 + Level 5.4(6.4) Translocations
 + Level 3.8(4.8) Fire Magic
 - Level 1.6(2.4) Air Magic
 - Level 4.4 Poison Magic


You had 8 spell levels left.
You knew the following spells:

 Your Spells              Type           Power      Damage    Failure   Level
a - Magic Dart            Conj           100%       1d8       1%          1
b - Searing Ray           Conj           100%       3d7       1%          2
c - Fulminant Prism       Conj/Hex       27%        3d14      1%          4
d - Iskenderun's Mystic   Conj/Tloc      53%        2d11      1%          4
e - Poisonous Vapours     Pois/Air       60%        N/A       1%          2
f - Sticky Flame          Conj/Fire      50%        2d7       2%          4

Your spell library contained the following spells:

 Spells                   Type           Power      Damage    Failure   Level
 Sting                    Tmut/Pois      92%        1d7       1%          1
 Slow                     Hex            51%        N/A       1%          2
 Static Discharge         Conj/Air       43%        N/A       1%          2
 Confusing Touch          Hex            51%        N/A       1%          3
 Dazzling Flash           Conj/Hex       100%       N/A       1%          3
 Gell's Gravitas          Tloc           23%        N/A       1%          3
 Teleport Other           Tloc           46%        N/A       1%          3
 Summon Guardian Golem    Hex/Summ       31%        N/A       3%          3
 Summon Small Mammal      Summ           44%        N/A       4%          1
 Olgreb's Toxic Radiance  Pois           35%        N/A       8%          4
 Lightning Bolt           Conj/Air       21%        1d36      12%         5
 Call Canine Familiar     Summ           11%        N/A       14%         3
 Vampiric Draining        Necr           5%         2d6       14%         3
 Airstrike                Air            12%        N/A       19%         4
 Summon Lightning Spire   Summ/Air       18%        N/A       28%         4
 Dispel Undead            Necr           11%        3d9       43%         4
 Dispersal                Tloc           23%        N/A       47%         6


Dungeon Overview and Level Annotations

Branches:
Dungeon (7/15)             Temple (1/1) D:4

Altars:
Ashenzari
Cheibriados
Dithmenos
Elyvilon
Hepliaklqana
Kikubaaqudgha
Makhleb
Nemelex Xobeh
Qazlal
Ru
Sif Muna
Trog
Uskayaw
Wu Jian
Xom
Yredelemnul
Zin
The Shining One

Shops:
D:2 *   D:4 (   D:5 [   D:7 (

Annotations:
D:5 3 runed translucent doors, pkoi's ghost, amateur DrFi
D:7 Harold


Message History

The mystic blast hits Harold but does no damage.
Harold is lightly wounded.
Harold hits you with a +3 short sword!!
* * * LOW HITPOINT WARNING * * *
Casting: Iskenderun's Mystic Blast (dangerous; 1% risk of failure)
Confirm with . or Enter, or press ? or * to list all spells.
You erupt in a blast of force!
The mystic blast hits Harold!
Harold is moderately wounded.
Harold is knocked back by the mystic blast.
Unknown command.
Casting: Iskenderun's Mystic Blast (dangerous; 1% risk of failure)
Confirm with . or Enter, or press ? or * to list all spells.
You erupt in a blast of force!
The mystic blast hits Harold!
Harold is heavily wounded.
Harold is knocked back by the mystic blast.
You see here a +0 club.
Harold points at you and mumbles some strange words.
You struggle to resist.
Harold says, "My wife will appreciate not having to wash blood out of my clothes anymore."
Harold fires a harpoon shot at you. The harpoon shot hits you!
* * * LOW HITPOINT WARNING * * *
You are yanked forward by the harpoon shot.
Harold says, "Ah, this is what I got into this business for!"
Casting: Iskenderun's Mystic Blast (dangerous; 1% risk of failure)
Confirm with . or Enter, or press ? or * to list all spells.
You erupt in a blast of force!
The mystic blast hits Harold.
Harold is severely wounded.
Harold is knocked back by the mystic blast.
Harold slams into the rock wall!
Casting: Iskenderun's Mystic Blast (dangerous; 1% risk of failure)
Confirm with . or Enter, or press ? or * to list all spells.
You miscast Iskenderun's Mystic Blast.
You are very lightly contaminated with residual magic.
Nothing appears to happen.
Harold closely misses you.
Unknown command.
Okay, then.
Unknown command.
You feel yourself speed up. Harold hits you with a +3 short sword.
You die...

...### #......# ##
......####...#.## ..
.........#.#.#.# .#
...###.#.#.#.#.###.### ...#
#.#.#.#.........#
...###.#.#.#.........#
.......#.#.#.........#
...##....#...........#
...........#...@@....#
.............###.<#.########
...........#.####...#......#
#..##.##.###.............#.#
#..##.##[.##.####.....##.#.#
#..##.........##########.#.#
#..######..#..#........#)#.#
#..##..............# #.....#
#..##.####.#.......#####.###


You could see Harold.

Vanquished Creatures
  Pikel (D:4)
  Joseph (D:7)
  Sigmund (D:3)
  Eustachio (D:4)
  Menkaure (D:6)
  Duvessa (D:7)
  A water moccasin (D:7)
  5 black bears
  A hornet zombie (D:5)
  2 ogres (D:6)
  A necrophage (D:7)
  A centaur (D:6)
  A phantom (D:4)
  A kobold brigand (D:5)
  Dowan (D:7)
  A scorpion (D:5)
  A water moccasin skeleton (D:6)
  4 wights
  A howler monkey (D:4)
  A centaur zombie (D:5)
  A jelly (D:6)
  Crazy Yiuf (D:5)
  A bullfrog skeleton (D:6)
  2 gnoll shamans
  4 hounds
  4 centaur skeletons
  An orc priest (D:4)
  3 iguanas
  An orc wizard (D:6)
  A killer bee zombie (D:7)
  A hound zombie (D:5)
  2 hound skeletons (D:4)
  15 gnolls
  A howler monkey skeleton (D:6)
  4 adders
  A white imp (D:6)
  An ufetubus (D:6)
  5 dart slugs
  12 orcs
  6 ball pythons
  5 bats
  4 endoplasms
  8 goblins
  7 hobgoblins
  11 jackals
  A quokka (D:4)
  3 frilled lizards
  9 kobolds
  5 rats (D:1)
148 creatures vanquished.

Vanquished Creatures (others)
  11 fulminant prisms
  2 fungi (D:5)
  2 plants (D:5)
  4 withered plants (D:5)
19 creatures vanquished.

Grand Total: 167 creatures vanquished

Notes
Turn   | Place    | Note
-------+----------+-------------------------------------------
     0 | D:1      | bnorton916 the Deep Elf Conjurer began the quest for the
                  | Orb.
     0 | D:1      | Reached XP level 1. HP: 10/10 MP: 6/6
   201 | D:1      | Reached XP level 2. HP: 15/15 MP: 2/8
   204 | D:1      | Learned a level 2 spell: Searing Ray
   882 | D:1      | Reached skill level 5 in Conjurations
   882 | D:1      | Reached XP level 3. HP: 17/19 MP: 5/10
  1193 | D:1      | Found a faded altar of an unknown god.
  1799 | D:2      | Found Palemeis's General Store.
  1815 | D:2      | Bought a +0 pair of boots for 63 gold pieces
  2379 | D:3      | Reached XP level 4. HP: 24/24 MP: 8/12
  2672 | D:3      | Reached skill level 5 in Spellcasting
  2804 | D:3      | Reached XP level 5. HP: 28/28 MP: 6/14
  2881 | D:3      | Found a sacrificial altar of Ru.
  3236 | D:3      | Noticed Sigmund
  3265 | D:3      | Killed Sigmund
  3266 | D:3      | Reached XP level 6. HP: 18/32 MP: 7/17
  3273 | D:3      | Learned a level 4 spell: Fulminant Prism
  3278 | D:3      | Learned a level 4 spell: Iskenderun's Mystic Blast
  3745 | D:4      | Found Zenlugen's Weapon Boutique.
  3748 | D:4      | Noticed Eustachio
  3845 | D:4      | Killed Eustachio
  3887 | D:4      | Noticed Pikel
  3910 | D:4      | Killed Pikel
  3911 | D:4      | Reached XP level 7. HP: 29/36 MP: 12/21
  3967 | D:4      | Learned a level 2 spell: Poisonous Vapours
  4172 | D:4      | Found a staircase to the Ecumenical Temple.
  4261 | Temple   | Entered the Ecumenical Temple
  4330 | Temple   | Became a worshipper of Ashenzari the Shackled
  4330 | Temple   | Identified a scroll of acquirement
  4346 | D:4      | Acquired a staff of poison
  4419 | D:4      | Reached skill level 1 in Hexes
  4442 | D:4      | Reached XP level 8. HP: 41/41 MP: 16/22
  4544 | D:4      | Reached skill level 1 in Translocations
  4548 | D:4      | Reached skill level 1 in Armour
  4548 | D:4      | Reached skill level 1 in Poison Magic
  4779 | D:5      | Entered Level 5 of the Dungeon
  5437 | D:5      | Found a runed translucent door.
  5438 | D:5      | Noticed Crazy Yiuf
  5444 | D:5      | Killed Crazy Yiuf
  5689 | D:5      | Found a basalt altar of Yredelemnul.
  5727 | D:5      | Found Atonatoy's Armour Shop.
  5831 | D:5      | Found a runed translucent gate.
  5831 | D:5      | Found a runed translucent gate.
  5831 | D:5      | Found a runed translucent gate.
  5834 | D:5      | Noticed pkoi's ghost (amateur DrFi)
  5918 | D:6      | Reached skill level 1 in Air Magic
  6015 | D:6      | Learned a level 4 spell: Sticky Flame
  6039 | D:6      | Reached XP level 9. HP: 40/45 MP: 2/23
  6440 | D:6      | Reached skill level 1 in Fire Magic
  6449 | D:6      | Noticed Menkaure
  6454 | D:6      | Killed Menkaure
  6465 | D:6      | Reached skill level 5 in Hexes
  7627 | D:6      | Found an ancient bone altar of Kikubaaqudgha.
  7718 | D:6      | Reached * piety under Ashenzari
  7733 | D:6      | Found a sparkling altar of Nemelex Xobeh.
  7778 | D:6      | Found an ornate altar of the Wu Jian Council.
  7785 | D:6      | Found a hazy altar of Hepliaklqana.
  8366 | D:5      | Bought a +1 buckler of poison resistance for 175 gold
                  | pieces
  8415 | D:7      | Reached skill level 1 in Fighting
  8619 | D:7      | Noticed Joseph
  8627 | D:7      | Reached skill level 1 in Shields
  8628 | D:7      | Killed Joseph
  8629 | D:7      | Reached skill level 5 in Translocations
  8634 | D:7      | Noticed Harold
  8733 | D:7      | Noticed Dowan
  8735 | D:7      | Noticed Duvessa
  8748 | D:7      | Killed Duvessa
  8748 | D:7      | Killed Dowan
  9363 | D:7      | Found Muk Xira's Firing Range.
  9465 | D:7      | HP: 2/48 [Harold/harpoon shot (7)]
  9473 | D:7      | Slain by Harold

Illustrated notes

Levels and vault maps discovered:
D:1:      lemuel_arrival_broad_hall, layout_loops_ring,
          shapermc_ecumenical_altar_mp_vishouse, kennysheep_small_spiral
D:2:      layout_basic, serial_shops, shop_statue, guppyfry_early_lair_pool
D:3:      layout_basic, mainiacjoe_overflow_tiny_flanked, uniq_sigmund
D:4:      layout_cave_pools, minmay_temple_entry_proselytizer, serial_shops,
          shop, minmay_cut_off, uniq_eustachio, uniq_pikel
D:5:      layout_rooms, yredelemnul_altar_generic,
          gammafunk_ghost_nasty_kobolds, serial_shops, kennysheep_mini,
          uniq_crazy_yiuf_cottage
D:6:      layout_cave_pools, nemelex_diamond_rough_becter,
          general_overflow_altar, mainiacjoe_overflow_big_doors,
          chequers_serial_rivers_small_3, uniq_menkaure
D:7:      layout_basic, minmay_splitting_lines, kennysheep_nondescript,
          nicolae_shop_firing_range, uniq_duvessa, uniq_joseph, uniq_harold
Temple:   nicolae_temple_x_marks_the_god

Skill      XL: |  1  2  3  4  5  6  7  8  9 |
---------------+----------------------------+-----
Spellcasting   | 4 5 6 8 |  8.8
Conjurations   | 5 6 8 |  8.3
Hexes          | 1 4 6 |  6.2
Translocations | 3 5 |  5.4
Armour         | 2 3 |  3.4
Poison Magic   | 3 4 |  4.4
Air Magic      | 1 |  1.6
Fire Magic     | 3 |  3.8
Fighting       | 1 |  1.9
Shields        | 1 |  1.7
Dodging        | |  2.4
Stealth        | |  2.4

Action                   |  1- 3 |  4- 6 |  7- 9 || total
-------------------------+-------+-------+-------++-------
Melee: Short sword       |       |       |     2 ||     2
 Cast: Magic Dart        |    67 |    60 |   143 ||   270
       Searing Ray       |     3 |    11 |    43 ||    57
       Poisonous Vapours |       |       |    16 ||    16
       Iskenderun's Myst |       |       |    13 ||    13
       Fulminant Prism   |       |       |    11 ||    11
Invok: Curse Item        |       |       |     2 ||     2
  Use: Scroll            |       |       |     2 ||     2
       Potion            |       |       |     1 ||     1
Armor: Robe              |     2 |     2 |    28 ||    32
Dodge: Dodged            |     7 |     4 |    52 ||    63
